 Dungeon Crawl Stone Soup version 0.31.0-12-g77e489cdc1 (webtiles) character file.

Game seed: 18234028398956018298

63 lordive the Shooter (level 3, 0/31 HPs)
             Began as a Minotaur Hunter on Feb 28, 2024.
             Incinerated by a bombardier beetle (6 damage)
             ... with a burning spray
             ... on level 3 of the Dungeon.
             The game lasted 00:02:46 (2036 turns).

lordive the Shooter (Minotaur Hunter)               Turns: 2036, Time: 00:02:47

Health: 0/31       AC:  5    Str: 15    XL:     3   Next: 89%
Magic:  2/2        EV: 11    Int:  6    God:
Gold:   167        SH:  0    Dex: 15    Spells: 2/2 levels left

rFire   . . .        a - +0 shortbow
rCold   . . .        (shield currently unavailable)
rNeg    . . .        h - +0 ring mail
rPois   .            (helmet restricted)
rElec   .            (no cloak)
rCorr   .            (no gloves)
SInv    .            (no boots)
Will    .....        (no amulet)
Stlth   +            (no ring)
HPRegen 0.25/turn    (no ring)
MPRegen 0.08/turn

%: no passive effects
@: on fire, glowing
A: horns 2, retaliatory headbutt
a: no special abilities


You were on level 3 of the Dungeon.
You visited 1 branch of the dungeon, and saw 3 of its levels.

You collected 167 gold pieces.

Inventory:

Hand Weapons
 a - a +0 shortbow (weapon)
 k - a +0 dagger of electrocution
Armour
 h - a +0 ring mail (worn)
 n - a +2 kite shield
Jewellery
 j - a ring of willpower
Scrolls
 b - a scroll of butterflies
 c - 2 scrolls of blinking {unknown}
 d - 4 scrolls of identify {unknown}
 g - 2 scrolls of teleportation {unknown}
 i - a scroll of fear {unknown}
Potions
 f - a potion of magic {unknown}
 l - a potion of mutation {unknown}
 m - a potion of brilliance {unknown}


   Skills:
 + Level 3.1 Fighting
 + Level 5.5 Ranged Weapons
 + Level 1.1 Armour
 + Level 2.2 Dodging
 + Level 0.8 Stealth


You had 2 spell levels left.
You didn't know any spells.
Your spell library contained the following spells:

 Spells                   Type           Power      Damage    Failure   Level
 Shock                    Conj/Air       0%         1d3       69%         1
 Swiftness                Air            0%         N/A       96%         3
 Airstrike                Air            0%         2d(0-16)  100%        4


Dungeon Overview and Level Annotations

Branches:
Dungeon (3/15)

Altars:

Shops:
D:1 [

Annotations:
D:2 1 runed translucent door, Crazy Yiuf


Innate Abilities, Weirdness & Mutations

You have a pair of horns on your head.
You reflexively headbutt those who attack you in melee.


Message History

The liquid fire burns you!
Fire: a) +0 shortbow
Press: ? - help, Q - select action Shift-Dir - straight line, f/p - bombardier beetle
Aim: a bombardier beetle (lightly wounded, 72% to hit)
You shoot an arrow.
The arrow barely misses the bombardier beetle.
The liquid fire burns you!
Fire: a) +0 shortbow
Press: ? - help, Q - select action Shift-Dir - straight line, f/p - bombardier beetle
Aim: a bombardier beetle (lightly wounded, 72% to hit)
You shoot an arrow.
The arrow hits the bombardier beetle but does no damage.
The bombardier beetle is lightly wounded.
The liquid fire burns you!
* * * LOW HITPOINT WARNING * * *
You feel better. The liquid fire burns you!
The bombardier beetle bites you but does no damage.
Fire: a) +0 shortbow
Press: ? - help, Q - select action Shift-Dir - straight line, f/p - bombardier beetle
Aim: a bombardier beetle (lightly wounded, 72% to hit)
You shoot an arrow. The arrow hits the bombardier beetle.
The bombardier beetle is heavily wounded.
The liquid fire burns you!
* * * LOW HITPOINT WARNING * * *
The bombardier beetle closely misses you.
Fire: a) +0 shortbow
Press: ? - help, Q - select action Shift-Dir - straight line, f/p - bombardier beetle
Aim: a bombardier beetle (heavily wounded, 72% to hit)
You shoot an arrow. The arrow hits the bombardier beetle.
The bombardier beetle is severely wounded.
The liquid fire burns you!
* * * LOW HITPOINT WARNING * * *
Fire: a) +0 shortbow
Press: ? - help, Q - select action Shift-Dir - straight line, f/p - bombardier beetle
Aim: a bombardier beetle (severely wounded, 72% to hit)
You shoot an arrow. The arrow hits the bombardier beetle.
The bombardier beetle is almost dead.
The liquid fire burns you!
You die...

#...........#
#+##########...........#
.......................#
.......................#
................†#####..
.............##### ###
.............+
......†......###
......B@.........
..#############... . ..
. .


You could see a bombardier beetle.

Vanquished Creatures
  2 adders (D:2)
  A dart slug (D:1)
  2 ribbon worms (D:2)
  3 endoplasms (D:2)
  3 giant cockroaches
  5 goblins
  3 hobgoblins
  A quokka (D:1)
  6 ball pythons
  4 bats
  2 frilled lizards
  3 kobolds (D:2)
  5 rats
40 creatures vanquished.

Notes
Turn   | Place    | Note
-------+----------+-------------------------------------------
     0 | D:1      | lordive the Minotaur Hunter began the quest for the Orb.
     0 | D:1      | Reached XP level 1. HP: 18/18 MP: 0/0
   138 | D:1      | Found Mekkesk's Armour Shop.
   171 | D:1      | Reached XP level 2. HP: 25/25 MP: 1/1
   652 | D:2      | Reached skill level 5 in Ranged Weapons
   770 | D:2      | Reached XP level 3. HP: 18/30 MP: 2/2
  1151 | D:2      | Found a faded altar of an unknown god.
  1428 | D:2      | Found a runed translucent door.
  1429 | D:2      | Noticed Crazy Yiuf
  1593 | D:2      | Reached skill level 1 in Armour
  2036 | D:3      | Incinerated by a bombardier beetle

Illustrated notes

Levels and vault maps discovered:
D:1:      ncdulo_halloftheorcs, layout_basic, serial_shops,
          nicolae_shop_just_a_little_nook
D:2:      minmay_inner_zag, layout_loops_ring,
          shapermc_ecumenical_altar_hornbeckon, uniq_crazy_yiuf_cottage
D:3:      layout_basic, mainiacjoe_overflow_tiny_flanked,
          mainiacjoe_overflow_surrounded_room, gup_sewer_entry_bubbles,
          chequers_serial_rivers_micro_c

Skill      XL: |  1  2  3 |
---------------+----------+-----
Ranged Weapons | 5 |  5.5
Fighting       | 3 |  3.1
Armour         | 1 |  1.1
Dodging        | |  2.2
Stealth        | |  0.8

Action                     || total
---------------------------++-------
   Fire: Shortbow          ||   130
    Use: Potion            ||     2
 Armour: Leather armour    ||     6
         Ring mail         ||    30
  Dodge: Dodged            ||    31
